Map: CJ Biome

Players

Spirit - Winner!

  • Race: Terran Terran
  • Spawn Location: 12:00

Astrea

  • Race: Protoss Protoss
  • Spawn Location: 7:00

Event: DreamHack SC2 Masters 2022 Atlanta (Offline)

VOD

Have the link to the VOD?

Description

Time

  • Played on: Nov. 20, 2022, 4:14 p.m.
  • Length: 11:40
Show
View Real Time Build Order
Export as new Build Order

Spirit Terran - Winner!

Build Orders: Hellion Opening 

Get SALT Encoding   

  12  0:00  SCV  
  13  0:12  SCV  
  14  0:17  Supply Depot  
  14  0:25  SCV  
  15  0:39  SCV, Barracks  
  16  0:45  Refinery  
  16  0:51  SCV  
  16  0:53  Refinery  
  17  1:03  SCV  
  18  1:15  SCV  
  19  1:26  Marine  
  19  1:27  Orbital Command  
  20  1:36  Factory  
  20  1:44  Supply Depot  
  20  1:45  Barracks Reactor  
  20  1:53  SCV  
  21  2:05  SCV  
  22  2:17  SCV  
  22  2:20  Ghost  
  23  2:27  Hellion x2  
  23  2:29  SCV  
  28  2:30  Supply Depot  
  28  2:42  Command Center  
  27  2:48  Hellion  
  29  2:55  Hellion  
  29  2:56  SCV  
  32  3:07  Supply Depot  
  32  3:08  SCV, Barracks Tech Lab  
  33  3:17  Hellion  
  33  3:19  Cyclone  
  35  3:20  SCV  
  36  3:29  Hellion  
  36  3:30  Marauder  
  36  3:32  SCV  
  36  3:34  Stimpack  
  40  3:39  Unknown  
  40  3:40  Warp Prism  
  37  3:42  Hellion  
  37  3:45  SCV  
  40  3:54  Marauder  
  39  3:57  SCV  
  39  3:58  SCV  
  39  3:59  Hellion  
  43  4:02  Ghost  
  43  4:09  SCV, Hellion  
  46  4:13  Liberator  
  47  4:18  Orbital Command  
  47  4:21  SCV  
  47  4:23  Engineering Bay  
  47  4:26  Marauder  
  47  4:30  Hellion  
  49  4:34  Hellion  
  49  4:37  Oracle  
  53  4:40  SCV  
  54  4:51  Hellion  
  54  4:52  Missile Turret  
  55  4:56  Hellion  
  55  4:57  SCV  
  58  5:00  SCV  
  58  5:09  SCV  
  58  5:13  Hellion  
  60  5:16  SCV  
  60  5:17  Hellion  
  60  5:18  Unknown  
  59  5:21  SCV  
  59  5:27  Swarm Host  
  57  5:32  Swarm Host  
  57  5:33  SCV  
  57  5:34  Hellion  
  57  5:35  Unknown  
  61  5:39  Hellion, Barracks  
  61  5:40  SCV  
  62  5:46  SCV  
  63  5:52  SCV  
  63  5:56  Hellion, Marauder  
  69  5:58  SCV  
  69  6:00  Hellion  
  73  6:06  Supply Depot  
  73  6:07  Barracks  
  73  6:08  Refinery  
  73  6:14  Terran Infantry Weapons Level 1  
  73  6:15  Combat Shield  
  73  6:21  Supply Depot  
  70  6:27  SCV x2  
  70  6:28  Hellion x2  
  70  6:31  Roach  
  76  6:35  Barracks Reactor, Marauder  
  78  6:40  Barracks  
  78  6:42  SCV x2  
  80  6:49  Hellion x2  
  84  6:55  SCV  
  84  6:56  SCV  
  84  7:07  SCV  
  84  7:08  SCV  
  86  7:09  Mutalisk  
  86  7:11  Hellion  
  86  7:12  Marauder  
  86  7:17  Barracks Tech Lab  
  86  7:19  Barracks  
  86  7:20  Refinery  
  86  7:21  Starport  
  86  7:22  Bunker  
  86  7:26  Marine  
  86  7:28  Marine  
  86  7:33  Hellion  
  86  7:37  SCV  
  86  7:39  SCV  
  86  7:43  Supply Depot  
  86  7:44  Supply Depot  
  86  7:52  Barracks Tech Lab  
  86  8:03  Supply Depot, Sensor Tower, Mutalisk  
  86  8:05  SCV, Marauder x2, Hellion x2  
  94  8:06  SCV, Marine  
  94  8:07  Marine  
  95  8:17  SCV  
  95  8:18  Marauder, Starport Reactor  
  98  8:21  Concussive Shells, Barracks Tech Lab  
  98  8:26  Hellion, Marauder  
  100  8:28  Hellion  
  100  8:32  Hellion  
  105  8:34  Marine  
  105  8:35  Marauder  
  105  8:40  Marine x3  
  108  8:47  Terran Infantry Armor Level 1, Marine  
  103  8:52  Marine  
  103  8:55  Marine  
  103  8:58  Marine  
  103  9:01  Banshee  
  104  9:07  SCV x2  
  106  9:13  Medivac  
  106  9:16  Marauder  
  110  9:21  Medivac  
  112  9:24  Marine  
  112  9:28  Widow Mine  
  112  9:31  Widow Mine  
  117  9:37  Marauder  
  117  9:38  Unknown  
  117  9:39  Supply Depot  
  117  9:43  Medivac  
  117  9:44  Marine x2  
  117  9:45  Warp Prism, Marauder  
  124  9:46  Cyclone  
  124  9:49  Widow Mine  
  124  9:50  Hellion  
  124  9:52  Medivac  
  128  9:56  Marauder x2  
  128  9:57  Sentry  
  128  9:59  Marauder  
  134  10:02  Marine x2  
  134  10:06  Marauder  
  138  10:11  Corruptor  
  138  10:17  Marine, Stalker  
  138  10:18  Marauder  
  137  10:22  Command Center  
  137  10:24  Marine  
  137  10:25  Marauder  
  128  10:29  Marine  
  131  10:35  Marauder  
  131  10:36  Dark Templar  
  131  10:37  Marine  
  132  10:44  Medivac  
  132  10:45  Marine  
  132  10:48  Marine  
  134  10:51  Marine  
  134  10:53  SCV  
  134  10:59  SCV  
  135  11:04  Medivac  
  135  11:05  SCV  
  135  11:11  SCV  
  139  11:18  SCV, Marauder, Marine x5  
  121  11:23  SCV  
Show
View Real Time Build Order
Export as new Build Order

Astrea Protoss 

Build Orders: 1 Gate Expand, Mass Adepts 

Get SALT Encoding   

  12  0:00  Probe  
  13  0:12  Probe  
  14  0:17  Pylon  
  14  0:24  Probe  
  15  0:36  Probe  
  15  0:37  Gateway  
  16  0:48  Probe  
  17  1:01  Probe  
  18  1:13  Nexus  
  18  1:18  Assimilator  
  18  1:28  Cybernetics Core  
  18  1:32  Probe  
  19  1:45  Pylon  
  19  1:47  Probe  
  20  1:59  Probe  
  21  2:03  Adept (Chrono Boost), Gateway  
  21  2:04  Warp Gate (Chrono Boost)  
  23  2:11  Probe  
  24  2:23  Probe  
  24  2:25  Adept  
  27  2:31  Gateway  
  27  2:34  Probe  
  27  2:35  Probe  
  29  2:46  Probe  
  29  2:47  Probe  
  31  2:52  Adept  
  31  2:57  Adept  
  31  2:58  Probe  
  36  2:59  Probe, Ghost  
  35  3:08  Pylon  
  35  3:10  Probe  
  35  3:11  Probe  
  37  3:15  Hellion  
  37  3:19  Pylon  
  37  3:22  Probe  
  37  3:23  Probe  
  37  3:31  Adept  
  37  3:32  Adept  
  38  3:34  Probe  
  38  3:35  Mutalisk, Probe  
  38  3:39  Adept  
  40  3:46  Probe, Pylon  
  40  3:48  Probe  
  40  3:54  Stalker  
  40  3:55  Reaper, Stalker  
  42  3:59  Probe  
  42  4:00  Probe  
  42  4:02  Adept  
  44  4:11  Probe  
  44  4:12  Probe  
  44  4:17  Assimilator x2  
  44  4:18  Shield Battery, Infestor  
  44  4:22  Adept  
  46  4:26  Probe (Chrono Boost)  
  46  4:27  Pylon  
  46  4:31  Probe (Chrono Boost)  
  47  4:41  Pylon  
  47  4:43  Reaper, Probe (Chrono Boost)  
  47  4:45  Probe  
  49  4:50  Adept x2  
  53  4:55  Probe  
  53  4:59  Probe  
  50  5:07  Probe  
  50  5:10  Adept x2  
  50  5:11  Probe  
  49  5:14  Raven  
  49  5:16  Gateway, Marauder  
  49  5:19  Probe (Chrono Boost)  
  48  5:23  Probe (Chrono Boost)  
  49  5:31  Probe (Chrono Boost)  
  49  5:32  Adept x2  
  49  5:33  Probe (Chrono Boost)  
  51  5:36  Hellion, Probe (Chrono Boost)  
  51  5:38  Probe (Chrono Boost)  
  51  5:46  Probe  
  51  5:50  Probe  
  51  5:52  Stalker x2  
  46  5:58  Probe (Chrono Boost)  
  46  6:01  Viking  
  46  6:02  Probe (Chrono Boost)  
  48  6:10  Probe (Chrono Boost)  
  49  6:13  Probe (Chrono Boost)  
  49  6:16  Probe (Chrono Boost)  
  49  6:17  Immortal, Probe (Chrono Boost)  
  49  6:18  Adept  
  49  6:24  Probe  
  53  6:26  Adept  
  53  6:27  Adept  
  53  6:28  Probe (Chrono Boost)  
  58  6:36  Pylon  
  60  6:40  Probe (Chrono Boost)  
  60  6:41  Probe (Chrono Boost)  
  60  6:48  Probe (Chrono Boost)  
  60  6:50  Probe (Chrono Boost)  
  60  6:51  Adept x2  
  60  6:53  Warp Prism  
  59  6:54  Probe  
  59  6:56  Unknown  
  59  7:00  Adept, Probe  
  59  7:01  Corruptor  
  64  7:07  Probe  
  60  7:15  Probe (Chrono Boost)  
  58  7:19  Probe (Chrono Boost)  
  56  7:24  Overlord  
  56  7:25  Adept x2  
  56  7:28  Probe (Chrono Boost)  
  56  7:29  Probe (Chrono Boost)  
  60  7:33  Probe (Chrono Boost)  
  60  7:37  Probe, Stalker  
  58  7:45  Probe (Chrono Boost)  
  58  7:49  Probe (Chrono Boost)  
  57  7:57  Probe (Chrono Boost)  
  59  7:59  Infestor  
  59  8:00  Probe (Chrono Boost)  
  59  8:03  Probe (Chrono Boost)  
  59  8:05  Probe (Chrono Boost)  
  55  8:12  Probe  
  56  8:15  Probe  
  56  8:20  Warp Prism  
  56  8:24  Adept x2  
  56  8:26  Probe  
  60  8:27  Probe  
  60  8:30  Sentry  
  60  8:32  Nexus  
  61  8:39  Probe (Chrono Boost)  
  65  8:42  Probe (Chrono Boost)  
  64  8:49  Probe (Chrono Boost)  
  64  8:52  Adept x2, Probe (Chrono Boost)  
  64  8:54  Probe (Chrono Boost)  
  69  9:02  Probe  
  71  9:06  Probe  
  71  9:07  Corruptor  
  72  9:10  Pylon  
  72  9:12  Pylon  
  72  9:14  Probe  
  73  9:20  Pylon x2  
  73  9:26  Immortal  
  73  9:28  Probe (Chrono Boost)  
  75  9:32  Sentry x3  
  75  9:33  Probe (Chrono Boost)  
  75  9:36  Gateway  
  75  9:38  Probe (Chrono Boost)  
  80  9:42  Probe (Chrono Boost)  
  80  9:43  Probe (Chrono Boost)  
  82  9:47  Probe  
  82  9:52  Probe  
  84  9:54  Probe  
  84  10:00  Adept x3  
  84  10:01  High Templar  
  84  10:04  Probe  
  84  10:06  Probe  
  94  10:14  Sentry  
  90  10:16  Pylon  
  90  10:17  Pylon  
  88  10:34  Probe (Chrono Boost)  
  88  10:35  Sentry x4, Probe (Chrono Boost)  
  98  10:36  Pylon  
  96  10:47  Probe x2 (Chrono Boost)  
  98  10:54  Probe (Chrono Boost)  
  98  10:56  Nexus, Probe (Chrono Boost)  
  98  11:00  Sentry  
  98  11:01  Adept x4, Probe  
  105  11:06  Probe  
  103  11:14  Probe  
  103  11:18  Probe  
  95  11:21  Adept x2  
  95  11:22  Adept x2  
  73  11:26  Probe  
Tags
 
Add a new tag
Caveats
  • Supply blocks, unpowered buildings, or Contaminate may cause inaccurate times.
  • Supply counts are checked every 10 seconds.